 Dungeon Crawl Stone Soup version 0.23-a0-4-g8f018a2 (webtiles) character file.

182 qdestroyer the Covered (level 5, -4/47 HPs)
             Began as a Minotaur Fighter on July 31, 2018.
             Was an Initiate of Gozag.
             Killed from afar by an orc wizard (9 damage)
             ... with a puff of frost
             ... on level 4 of the Dungeon.
             The game lasted 00:05:38 (1139 turns).

qdestroyer the Covered (Minotaur Fighter)           Turns: 1139, Time: 00:05:40

Health: -4/47      AC:  7    Str: 22    XL:     5   Next: 35%
Magic:  4/4        EV:  8    Int:  5    God:    Gozag
Gold:   54         SH:  9    Dex:  9    Spells: 4/4 levels left

rFire    . . .     SeeInvis .   a - +0 trident
rCold    . . .     Gourm    .   c - +0 shield
rNeg     . . .     Faith    .   b - +0 scale mail
rPois    .         Spirit   .   (helmet restricted)
rElec    .         Reflect  .   (no cloak)
rCorr    .         Harm     .   (no gloves)
MR       .....                  (no boots)
Stlth    ..........             (no amulet)
HPRegen  0.15/turn              (no ring)
MPRegen  0.09/turn              (no ring)

@: no status effects
A: retaliatory headbutt, horns 2
a: Potion Petition, Call Merchant, Bribe Branch, Renounce Religion


You were on level 4 of the Dungeon.
You worshipped Gozag.
Gozag was noncommittal.
You were very hungry.

You visited 1 branch of the dungeon, and saw 4 of its levels.

You collected 92 gold pieces.
You paid 38 gold pieces to Gozag.

Inventory:

Hand Weapons
 a - a +0 trident (weapon)
Armour
 b - a +0 scale mail (worn)
 c - a +0 shield (worn)
Jewellery
 m - a +3 ring of evasion {unknown}
Scrolls
 i - 4 scrolls of identify {unknown}
 k - a scroll of amnesia {unknown}
 l - a scroll of teleportation {unknown}
 o - a scroll of fog {unknown}
Potions
 d - 2 potions of might
 e - 2 potions of degeneration {unknown}
 g - 2 potions of ambrosia {unknown}
 h - a potion of berserk rage {unknown}
 j - 2 potions of heal wounds {unknown}
 n - a potion of flight {unknown}
Comestibles
 f - 6 rations


   Skills:
 + Level 4.4 Fighting
 + Level 3.6 Polearms
 + Level 5.1 Armour
 + Level 1.1 Dodging
 + Level 4.8 Shields


You had 4 spell levels left.
You didn't know any spells.
Your spell library was empty.

Dungeon Overview and Level Annotations

Branches:
Dungeon (4/15)
 Temple: D:4-7

Altars:
Gozag
Zin


Innate Abilities, Weirdness & Mutations

You reflexively headbutt those who attack you in melee.
You have a pair of horns on your head.


Message History

A magic dart appears from out of thin air!
The magic dart hits you!
* * * LOW HITPOINT WARNING * * *
You block something's attack. Something hits you.
* * * LOW HITPOINT WARNING * * *
Something hits you but does no damage. Something hits you but does no damage.
Something hits you but does no damage. Something hits you but does no damage.
Something hits you but does no damage.
You hear some strange, mumbled words.
A magic dart appears from out of thin air!
The magic dart hits you!
* * * LOW HITPOINT WARNING * * *
You hear some strange, mumbled words.
A puff of frost appears from out of thin air!
The puff of frost hits you!
You die...
Your body crumbles into a pile of gold.

...<..'.......#..###...
#.....##......#.......>#
########......#........#
# #.......#....)...# #
##.....##...###### #
########...##.##########
#................#
#................#
#..@.............#
#...{............##
##..##..###.......##
.....##### #####.....
##..... ##...... #.....
#...≈≈≈? #......
#.$≈≈≈≈≈ #......
#..≈≈♣≈≈ #.......
#[.≈≈≈≈≈


There were no monsters in sight!

Vanquished Creatures
  A bullfrog skeleton (D:4)
  A centaur skeleton (D:4)
  An orc wizard (D:4)
  2 adders
  A worm (D:4)
  2 dart slugs (D:1)
  2 leopard geckos
  5 orcs (D:4)
  4 giant cockroaches
  11 goblins
  6 hobgoblins
  4 jackals (D:2)
  A quokka (D:2)
  4 bats
  A frilled lizard (D:1)
  5 kobolds
  A quokka skeleton (D:4)
  7 rats
59 creatures vanquished.

Notes
Turn   | Place    | Note
-------+----------+-------------------------------------------
     0 | D:1      | qdestroyer the Minotaur Fighter began the quest for the Orb.
     0 | D:1      | Reached XP level 1. HP: 19/19 MP: 0/0
   201 | D:1      | Reached XP level 2. HP: 19/27 MP: 1/1
   326 | D:1      | You fall through a shaft!
   359 | D:2      | Reached skill level 4 in Armour
   376 | D:2      | Reached XP level 3. HP: 15/33 MP: 2/2
   716 | D:3      | Found a glowing silver altar of Zin.
   781 | D:3      | Reached XP level 4. HP: 40/40 MP: 3/3
   891 | D:2      | Reached skill level 1 in Dodging
  1043 | D:4      | Reached XP level 5. HP: 34/47 MP: 4/4
  1045 | D:4      | Found an opulent altar of Gozag.
  1048 | D:4      | Became a worshipper of Gozag Ym Sagoz the Greedy
  1069 | D:4      | Reached skill level 5 in Armour
  1139 | D:4      | Killed from afar by an orc wizard

Vault maps used:
D:1:      lemuel_arrival_river_bridge, minmay_tall_x
D:3:      zin_academy, first_ration, kennysheep_okawaru_gauntlet
D:4:      kennysheep_mini, elyvilon_altar_3, uniq_grinder

Skill      XL: |  1  2  3  4  5 |
---------------+----------------+-----
Shields        | 4 |  4.8
Armour         | 4 5 |  5.1
Fighting       | 4 |  4.4
Polearms       | 3 |  3.6
Dodging        | 1 |  1.1

Action                   |  1- 3 |  4- 6 || total
-------------------------+-------+-------++-------
Melee: Trident           |   120 |    69 ||   189
       Headbutt          |     8 |    12 ||    20
Armor: Scale mail        |    52 |    33 ||    85
Dodge: Dodged            |    37 |    20 ||    57
Block: Shield            |    58 |    39 ||    97

Table legend:
 A = Spawn XP
 B = Non-spawn XP
 C = Spawn XP percentage of total XP
 D = Spawn monster count
 E = Non-spawn monster count
 F = Spawn count percentage of total count
 G = Total turns spent on level
                    A         B        C        D         E        F      G
               +---------+---------+-------+---------+---------+-------+---------
         Total |       0 |     261 |   0.0 |       0 |      59 |   0.0 |  1139
               +---------+---------+-------+---------+---------+-------+---------
           D:1 |       0 |      48 |   0.0 |       0 |      26 |   0.0 |   584
           D:2 |       0 |      36 |   0.0 |       0 |      13 |   0.0 |   223
           D:3 |       0 |      29 |   0.0 |       0 |       9 |   0.0 |   149
           D:4 |       0 |     148 |   0.0 |       0 |      11 |   0.0 |   183
               +---------+---------+-------+---------+---------+-------+---------
